 Dungeon Crawl Stone Soup version 0.21.1-1-g345015f (webtiles) character file.

166413 HyperTallis the Nimble (level 17, -10/135 HPs)
             Began as a Gnoll Monk on June 4, 2018.
             Was the Champion of Makhleb.
             Mangled by Mara (illusionary)
             ... wielding a +1 demon blade of pain
              (20 damage)
             ... on level 3 of the Snake Pit on June 7, 2018.
             The game lasted 02:03:46 (32568 turns).

HyperTallis the Nimble (Gnoll Monk)                Turns: 32568, Time: 02:03:47

Health: -10/135    AC: 19    Str: 14    XL:     17   Next: 90%
Magic:  28/32      EV: 24    Int: 19    God:    Makhleb [******]
Gold:   411        SH:  3    Dex: 18    Spells: 3/38 levels left

rFire    . . .     SeeInvis .     - Unarmed
rCold    . . .     Gourm    .   (shield currently unavailable)
rNeg     . . .     Faith    .   m - +5 ring mail
rPois    +         Spirit   .   h - +2 helmet
rElec    .         Reflect  +   N - +2 cloak
rCorr    .         Harm     .   (gloves currently unavailable)
MR       +....                  (no boots)
Stlth    ++++......             i - +3 amulet of reflection
HPRegen  0.32/turn              k - +4 ring of evasion
MPRegen  0.23/turn              f - ring of poison resistance

@: blade hands, silence
A: distributed training, fangs 1, strong nose
a: End Transformation, Renounce Religion


You were on level 3 of the Snake Pit.
You worshipped Makhleb.
Makhleb was exalted by your worship.
You were very hungry.
You had blades for hands.
You visited 4 branches of the dungeon, and saw 26 of its levels.
You also visited: Bailey.

You collected 2143 gold pieces.
You spent 1732 gold pieces at shops.

Inventory:

Hand Weapons
 a - a +9 whip of electrocution (melded)
 G - a +3 blowgun
Missiles
 g - 7 throwing nets
 x - 11 javelins (quivered)
 H - 60 poisoned needles
 Y - 7 curare-tipped needles
Armour
 b - the +1 buckler "Kiamme Maju" (melded) {rF+ SInv}
   (You bought it in a shop on level 2 of the Orcish Mines)

   It protects you from fire.
   It lets you see invisible.
 h - a +2 helmet (worn)
 m - a +5 ring mail (worn)
 s - the +0 pair of gloves of the Lonely Planets (melded) {rElec rF+}
   (You found it on level 5 of the Dungeon)

   It protects you from fire.
   It insulates you from electricity.
 F - a +2 buckler
 N - a +2 cloak (worn)
Jewellery
 e - a cursed -3 ring of protection {unknown}
 f - a ring of poison resistance (right scythe-like blade)
 i - a +3 amulet of reflection (around neck)
 k - a +4 ring of evasion (left scythe-like blade)
 p - an uncursed amulet of regeneration
 t - a +5 ring of intelligence
 M - an uncursed amulet of the gourmand
 P - an uncursed ring of resist corrosion
Wands
 j - a wand of enslavement (25)
 J - a wand of scattershot (6)
 R - a wand of digging (28)
 W - a wand of acid (18)
Scrolls
 o - 9 scrolls of remove curse
 r - a scroll of enchant weapon
 v - 11 scrolls of teleportation
 y - 3 scrolls of blinking
 z - 4 scrolls of amnesia
 C - a scroll of magic mapping
 D - 4 scrolls of summoning
 K - 2 scrolls of silence
 T - a scroll of identify
 Z - 4 scrolls of fear
Potions
 d - a potion of berserk rage
 l - a potion of lignification
 n - 5 potions of flight
 q - 4 potions of agility
 w - 2 potions of mutation
 A - 4 potions of ambrosia
 B - 3 potions of brilliance
 E - a potion of invisibility
 I - 7 potions of curing
 L - a potion of might
 Q - 3 potions of resistance
 U - 2 potions of haste
 V - a potion of cancellation
 X - a potion of magic
Books
 u - a book of Minor Magic

   Spells                             Type                      Level
   a - Magic Dart                     Conjuration                  1
   b - Blink                          Translocation                2
   c - Call Imp                       Summoning                    2
   d - Slow                           Hexes                        2
   e - Conjure Flame                  Conjuration/Fire             3
   f - Mephitic Cloud                 Conjuration/Poison/Air       3
 O - a book of the Earth

   Spells                             Type                      Level
   a - Leda's Liquefaction            Hexes/Earth                  4
   b - Bolt of Magma                  Conjuration/Fire/Earth       5
   c - Statue Form                    Transmutation/Earth          6
   d - Iron Shot                      Conjuration/Earth            6
   e - Shatter                        Earth                        9
 S - a book of the Tempests

   Spells                             Type                      Level
   a - Static Discharge               Conjuration/Air              3
   b - Lightning Bolt                 Conjuration/Air              5
   c - Ignition                       Fire                         8
   d - Tornado                        Air                          9
   e - Shatter                        Earth                        9
Comestibles
 c - 41 rations


   Skills:
 + Level 12.7 Fighting
 + Level 11.2 Short Blades
 + Level 11.2 Long Blades
 + Level 11.2 Axes
 + Level 12.7 Maces & Flails
 + Level 11.2 Polearms
 + Level 11.2 Staves
 + Level 11.2 Slings
 + Level 11.2 Bows
 + Level 11.2 Crossbows
 + Level 11.2 Throwing
 + Level 11.2 Armour
 + Level 12.7 Dodging
 + Level 11.9 Stealth
 + Level 11.2 Shields
 + Level 11.2 Unarmed Combat
 + Level 11.2 Spellcasting
 + Level 9.6 Conjurations
 + Level 9.6 Hexes
 + Level 9.6 Charms
 + Level 9.6 Summonings
 + Level 9.6 Necromancy
 + Level 9.6 Translocations
 + Level 9.6 Transmutations
 + Level 9.6 Fire Magic
 + Level 9.6 Ice Magic
 + Level 9.6 Air Magic
 + Level 9.6 Earth Magic
 + Level 9.6 Poison Magic
 + Level 12.1 Invocations
 + Level 11.2 Evocations


You had 3 spell levels left.
You knew the following spells:

 Your Spells              Type           Power        Failure   Level  Hunger
a - Animate Skeleton      Necr           N/A          9%          1    None
b - Apportation           Tloc           #####.       9%          1    None
c - Borgnjor's Vile Clut  Necr/Erth      #####.....   36%         5    ####...
d - Portal Projectile     Hex/Tloc       #####.       13%         3    None
e - Cause Fear            Hex            #####.....   22%         4    ##.....
f - Death Channel         Necr           #####.....   75%         6    ######.
g - Simulacrum            Ice/Necr       #####.....   75%         6    ######.
h - Poisonous Vapours     Pois/Air       #####.       10%         2    None
i - Blade Hands           Tmut           #####.....   36%         5    ####...
j - Blink                 Tloc           N/A          10%         2    None


Dungeon Overview and Level Annotations

Branches:
Dungeon (15/15)            Temple (0/1) D:6            Lair (6/6) D:8
 Shoals (0/4) Lair:4        Snake (3/4) Lair:2        Slime (0/5) Lair:6
    Orc (2/2) D:12            Elf (0/3) Orc:2        Vaults (0/5) D:13
 Depths (0/5) D:15

Altars:
Ashenzari
Cheibriados
Hepliaklqana
Makhleb
Okawaru
Qazlal
Ru
Sif Muna
Uskayaw
Xom
Yredelemnul
Zin
Beogh

Shops:
D:5 %   D:7 =   D:10 *%[!   D:14 [   Orc:1 }   Orc:2 (:*[   Snake:2 [

Annotations:
D:3 Tallis's ghost, amateur MiBe
Snake:3 Mara


Innate Abilities, Weirdness & Mutations

Your experience applies equally to all skills.
You have very sharp teeth.
Your uncanny sense of smell can sniff out nearby items.


Message History

The naga sharpshooter magically shoots an arrow.
The arrow hits you.
* * * LOW HITPOINT WARNING * * *
Mara hits you but does no damage.
You writhe in agony.
* * * LOW HITPOINT WARNING * * *
Mara barely misses you. Mara hits you but does no damage.
You writhe in agony.
* * * LOW HITPOINT WARNING * * *
Okay, then.
Okay, then.
Press: ? - help, v - describe, . - travel
Here: Mara, wielding a demon blade of pain and wearing a robe (silenced, moderately wounded)
The floor.
Okay, then.
Okay, then.
HyperTallis's illusion hits you but does no damage.
Mara misses you.
There is a stone staircase leading up here.
HyperTallis's illusion completely misses you.
Mara hits you with a demon blade of pain!!
You die...

#..## ##.##
#).## #...# ∆
##..### .. #.
##N..##...
#..####.......#
#...@RR....###
#....@R...##
########..# #.#
##


You could see 3 Maras, a naga sharpshooter and HyperTallis's illusion.

Vanquished Creatures
  Roxanne (D:14)
  2 orc warlords
  Azrael (Snake:3)
  An ettin (Orc:1)
  Josephine (Orc:1)
  The ghost of johnbochnow the Cleaver, a journeyman MiFi of Trog (D:11)
  A great orb of eyes (D:14)
  A yaktaur captain (D:15)
  The ghost of kunwon1 the Fencer, a journeyman MiFi of Okawaru (D:11)
  Harold (D:10)
  A naga warrior (Snake:2)
  6 hydras
  Erolcha (D:9)
  2 catoblepae
  7 anacondas
  4 centaur warriors
  9 death yaks
  4 two-headed ogres
  4 orc high priests (Orc:2)
  9 naga sharpshooters (Snake:1)
  A shock serpent (Snake:1)
  3 tengu warriors (D:15)
  Urug (Lair:4)
  The ghost of Rathner the Carver, a novice DsGl of Xom (D:11)
  9 spriggans (Lair:6)
  Sonja (D:11)
  2 salamander mystics (Snake:1)
  4 unseen horrors
  A naga ritualist (Snake:1)
  Pikel (D:5)
  A lindwurm (Lair:5)
  8 orc knights
  2 deep elf magi (D:14)
  An orb spider (shapeshifter) (D:15)
  A wizard (D:15)
  A phantasmal warrior (D:13)
  A harpy (shapeshifter) (D:13)
  A mana viper (Snake:1)
  4 orc sorcerers (Orc:2)
  18 ugly things
  6 cyclopes
  4 manticores
  3 salamanders
  An eye of devastation (Lair:6)
  5 elephants
  14 black mambas
  3 gargoyles
  6 naga magi
  15 spiny frogs
  6 komodo dragons
  2 rime drakes (Lair:3)
  2 ice devils (D:14)
  A tengu conjurer (D:15)
  8 trolls
  2 hornets (Lair:6)
  A queen bee (D:10)
  5 polar bears
  A merfolk (D:10)
  A hornet (shapeshifter) (D:13)
  6 slime creatures (D:15)
  7 blink frogs
  6 dream sheep
  6 hippogriffs
  A hippogriff (shapeshifter) (D:13)
  A centaur simulacrum (D:12)
  A shadow (D:12)
  5 wraiths
  3 vampires
  37 yaks
  A wyvern (Lair:2)
  2 fire elementals (Snake:3)
  2 basilisks (Lair:6)
  2 hungry ghosts
  A steam dragon (D:9)
  29 nagas
  3 acid dragons
  A hell hound (Snake:3)
  3 wargs (Orc:2)
  10 water moccasins
  9 porcupines
  A water moccasin (shapeshifter) (D:15)
  42 orc warriors
  An eye of draining (shapeshifter) (D:13)
  A black bear (Lair:6)
  4 ice beasts
  4 sky beasts
  3 eyes of draining
  8 boggarts
  7 ogres
  A necrophage (D:11)
  16 wolves
  7 phantoms
  4 centaurs
  12 crocodiles
  3 big kobolds
  23 bullfrogs
  5 scorpions
  8 wights
  32 killer bees
  An electric eel (D:8)
  11 howler monkeys
  9 centaur zombies
  7 crimson imps
  11 hounds
  A bullfrog skeleton (D:12)
  5 jellies
  25 orc wizards
  16 orc priests
  6 centaur skeletons
  Ijyb (D:3)
  Natasha (thrice) (D:3)
  7 iguanas
  9 worker ants
  A killer bee zombie (D:8)
  A hound skeleton (D:11)
  A worker ant zombie (D:11)
  10 gnolls
  12 adders
  2 shadow imps
  2 oozes
  3 worms
  3 dart slugs
  2 leopard geckos
  117 orcs
  A ball python (D:3)
  6 giant cockroaches
  9 goblins
  16 jackals
  A quokka (D:5)
  10 bats
  A frilled lizard (D:1)
  17 kobolds
  3 rats
  A fungus (Orc:2)
  A plant (D:15)
856 creatures vanquished.

Vanquished Creatures (collateral kills)
  Aizul (Snake:2)
  A naga warrior (Snake:2)
  A hydra (Lair:1)
  An anaconda (Snake:1)
  2 death yaks (Lair:3)
  The ghost of HaroldFreecs the Basher, a novice MiAK of Lugonu (D:8)
  The ghost of Inchmeat the Basher, a novice GrGl of Zin (D:7)
  A cyclops (D:14)
  A mana viper (Snake:1)
  2 black mambas
  3 spiny frogs (Lair:4)
  A komodo dragon (Lair:2)
  2 polar bears (Lair:6)
  A hornet (Lair:6)
  2 hippogriffs
  3 dream sheep (Lair:6)
  A yak (D:12)
  4 spriggans (Lair:6)
  A wraith (D:10)
  4 nagas
  2 water moccasins
  An orc warrior (Orc:1)
  An ogre (D:9)
  4 wolves
  A boggart (Lair:6)
  2 crocodiles (Lair:6)
  A scorpion (Lair:4)
  3 killer bees (D:13)
  A hound (D:13)
  2 orc priests (D:10)
  An adder (D:11)
  9 orcs
  A kobold (D:13)
  A quokka zombie (D:10)
  4 fungi
  9 plants
77 creatures vanquished.

Vanquished Creatures (others)
  A salamander (Snake:2)
  A naga mage (Snake:1)
  A basilisk (Lair:6)
  An orc warrior (D:10)
  A naga (Snake:2)
  4 centaurs
  A kobold (D:13)
  A bush (Lair:3)
  21 fungi
  12 plants
44 creatures vanquished.

Grand Total: 977 creatures vanquished

Notes
Turn   | Place    | Note
-------+----------+-------------------------------------------
     0 | D:1      | HyperTallis the Gnoll Monk began the quest for the Orb.
     0 | D:1      | Reached XP level 1. HP: 23/23 MP: 1/1
   105 | D:1      | Reached XP level 2. HP: 29/29 MP: 2/2
   711 | D:1      | Reached XP level 3. HP: 35/35 MP: 3/3
  1199 | D:2      | Reached skill level 1 in Invocations
  1364 | D:2      | Reached skill level 1 in Short Blades
  1364 | D:2      | Reached skill level 1 in Long Blades
  1364 | D:2      | Reached skill level 1 in Axes
  1364 | D:2      | Reached skill level 1 in Polearms
  1364 | D:2      | Reached skill level 1 in Staves
  1364 | D:2      | Reached skill level 1 in Slings
  1364 | D:2      | Reached skill level 1 in Bows
  1364 | D:2      | Reached skill level 1 in Crossbows
  1364 | D:2      | Reached skill level 1 in Throwing
  1364 | D:2      | Reached skill level 1 in Armour
  1364 | D:2      | Reached skill level 1 in Shields
  1364 | D:2      | Reached skill level 1 in Unarmed Combat
  1364 | D:2      | Reached skill level 1 in Spellcasting
  1364 | D:2      | Reached skill level 1 in Evocations
  1405 | D:2      | Reached XP level 4. HP: 41/41 MP: 5/5
  1584 | D:3      | Found a stormy altar of Qazlal.
  1585 | D:3      | Found a glowing silver altar of Zin.
  1586 | D:3      | Found a burning altar of Makhleb.
  1916 | D:3      | Noticed Ijyb
  1941 | D:3      | Killed Ijyb
  1941 | D:3      | Reached skill level 1 in Conjurations
  1941 | D:3      | Reached skill level 1 in Hexes
  1941 | D:3      | Reached skill level 1 in Charms
  1941 | D:3      | Reached skill level 1 in Summonings
  1941 | D:3      | Reached skill level 1 in Necromancy
  1941 | D:3      | Reached skill level 1 in Translocations
  1941 | D:3      | Reached skill level 1 in Transmutations
  1941 | D:3      | Reached skill level 1 in Fire Magic
  1941 | D:3      | Reached skill level 1 in Ice Magic
  1941 | D:3      | Reached skill level 1 in Air Magic
  1941 | D:3      | Reached skill level 1 in Earth Magic
  1941 | D:3      | Reached skill level 1 in Poison Magic
  2380 | D:3      | Noticed Natasha
  2385 | D:3      | Killed Natasha
  2385 | D:3      | Reached XP level 5. HP: 40/47 MP: 6/6
  2409 | D:3      | Noticed Tallis's ghost (amateur MiBe)
  2550 | D:3      | Noticed Natasha
  2561 | D:3      | Killed Natasha
  2788 | D:3      | Noticed Natasha
  2809 | D:3      | Killed Natasha
  2884 | D:3      | Became a worshipper of Makhleb the Destroyer
  2884 | D:3      | Reached * piety under Makhleb
  2884 | D:3      | Reached ** piety under Makhleb
  3267 | D:4      | Found a snail-covered altar of Cheibriados.
  3337 | D:4      | Reached XP level 6. HP: 31/53 MP: 8/8
  3478 | D:4      | Noticed a phantom
  3557 | D:4      | Killed a phantom
  3623 | D:4      | Found an iron altar of Okawaru.
  3975 | D:4      | Found a basalt altar of Yredelemnul.
  4409 | D:5      | Entered Level 5 of the Dungeon
  4425 | D:5      | Reached XP level 7. HP: 59/59 MP: 10/10
  4544 | D:5      | Found Qutyjis's Food Shoppe.
  4732 | D:5      | Noticed Pikel
  4741 | D:5      | Killed Pikel
  4741 | D:5      | Reached skill level 5 in Stealth
  4741 | D:5      | Reached XP level 8. HP: 67/67 MP: 10/12
  4820 | D:5      | Got a pair of steaming gloves
  4826 | D:5      | Identified the +0 pair of gloves of the Lonely Planets {rElec rF+} (You found it on level 5 of the Dungeon)
  5703 | D:6      | Reached *** piety under Makhleb
  5773 | D:6      | Reached XP level 9. HP: 69/72 MP: 14/14
  6311 | D:6      | Found a shattered altar of Ashenzari.
  6654 | D:6      | Found a staircase to the Ecumenical Temple.
  7165 | D:7      | Reached skill level 5 in Invocations
  7166 | D:7      | Found Ityott's Jewellery Boutique.
  7395 | D:7      | Noticed Inchmeat's ghost (novice GrGl)
  8114 | D:7      | Killed Inchmeat's ghost
  8114 | D:7      | Reached XP level 10. HP: 16/80 MP: 15/17
  8494 | D:8      | Found a shimmering altar of Xom.
  8730 | D:8      | Reached skill level 5 in Short Blades
  8730 | D:8      | Reached skill level 5 in Long Blades
  8730 | D:8      | Reached skill level 5 in Axes
  8730 | D:8      | Reached skill level 5 in Polearms
  8730 | D:8      | Reached skill level 5 in Staves
  8730 | D:8      | Reached skill level 5 in Slings
  8730 | D:8      | Reached skill level 5 in Bows
  8730 | D:8      | Reached skill level 5 in Crossbows
  8730 | D:8      | Reached skill level 5 in Throwing
  8730 | D:8      | Reached skill level 5 in Armour
  8730 | D:8      | Reached skill level 5 in Shields
  8730 | D:8      | Reached skill level 5 in Unarmed Combat
  8730 | D:8      | Reached skill level 5 in Spellcasting
  8730 | D:8      | Reached skill level 5 in Evocations
  8833 | D:8      | Reached **** piety under Makhleb
  8834 | D:8      | Found a staircase to the Lair.
  8835 | D:8      | Found a hazy altar of Hepliaklqana.
  8877 | D:8      | Noticed a two-headed ogre
  8902 | D:8      | Killed a two-headed ogre
  8964 | D:8      | Learned a level 1 spell: Animate Skeleton
  8966 | D:8      | Learned a level 1 spell: Apportation
  9095 | D:8      | Noticed HaroldFreecs's ghost (novice MiAK)
  9119 | D:8      | Killed HaroldFreecs's ghost
  9614 | D:9      | Noticed Erolcha
  9619 | D:9      | Killed Erolcha
  9740 | D:9      | Found a hazy altar of Hepliaklqana.
  9905 | D:9      | Reached XP level 11. HP: 87/87 MP: 19/19
 10365 | D:10     | Entered Level 10 of the Dungeon
 10381 | D:10     | Noticed Harold
 10474 | D:10     | Killed Harold
 10675 | D:10     | Found Tuproum's Distillery.
 10726 | D:10     | Killed an unseen horror
 10726 | D:10     | Reached skill level 5 in Conjurations
 10726 | D:10     | Reached skill level 5 in Hexes
 10726 | D:10     | Reached skill level 5 in Charms
 10726 | D:10     | Reached skill level 5 in Summonings
 10726 | D:10     | Reached skill level 5 in Necromancy
 10726 | D:10     | Reached skill level 5 in Translocations
 10726 | D:10     | Reached skill level 5 in Transmutations
 10726 | D:10     | Reached skill level 5 in Fire Magic
 10726 | D:10     | Reached skill level 5 in Ice Magic
 10726 | D:10     | Reached skill level 5 in Air Magic
 10726 | D:10     | Reached skill level 5 in Earth Magic
 10726 | D:10     | Reached skill level 5 in Poison Magic
 10878 | D:10     | Bought 2 potions of heal wounds for 140 gold pieces
 10878 | D:10     | Bought a potion of haste for 140 gold pieces
 10878 | D:10     | Bought a potion of cancellation for 112 gold pieces
 10895 | D:10     | Found Puiwkel's Armour Boutique.
 10937 | D:10     | Found Ushipnuss's Food Shoppe.
 10967 | D:10     | Found Mesauh's Assorted Antiques.
 11461 | D:10     | Reached ***** piety under Makhleb
 12063 | D:11     | Noticed a cyclops
 12073 | D:11     | Killed a cyclops
 12200 | D:11     | Noticed johnbochnow's ghost (journeyman MiFi)
 12204 | D:11     | Noticed Sonja
 12247 | D:11     | Killed Sonja
 12384 | Lair:1   | Entered Level 1 of the Lair of Beasts
 12398 | Lair:1   | Reached XP level 12. HP: 69/95 MP: 22/22
 13156 | Lair:1   | Noticed a four-headed hydra
 13163 | Lair:1   | Killed a four-headed hydra
 14320 | Lair:2   | Found a staircase to the Snake Pit.
 14756 | Lair:3   | Reached skill level 10 in Fighting
 14756 | Lair:3   | Reached skill level 10 in Maces & Flails
 14756 | Lair:3   | Reached skill level 10 in Dodging
 14763 | Lair:3   | Noticed a catoblepas
 15030 | Lair:3   | Noticed a death yak
 15037 | Lair:3   | Noticed a death yak
 15065 | Lair:3   | Killed a death yak
 15086 | Lair:3   | Noticed a death yak
 15086 | Lair:3   | Noticed a death yak
 15118 | Lair:3   | Killed a death yak
 15149 | Lair:3   | Noticed a death yak
 15154 | Lair:3   | Noticed a death yak
 15154 | Lair:3   | Noticed a death yak
 15158 | Lair:3   | Killed a catoblepas
 15158 | Lair:3   | Reached XP level 13. HP: 102/102 MP: 24/24
 16022 | Lair:4   | Noticed Urug
 16138 | Lair:4   | Killed Urug
 16169 | Lair:4   | Found a staircase to the Shoals.
 18378 | Lair:6   | Entered Level 6 of the Lair of Beasts
 18560 | Lair:6   | Reached XP level 14. HP: 83/110 MP: 26/26
 18992 | Lair:6   | Found a staircase to the Slime Pits.
 19095 | Lair:6   | Reached ****** piety under Makhleb
 19665 | Lair:6   | Reached skill level 10 in Stealth
 19748 | Lair:6   | Got a pitted falchion
 20687 | D:11     | Identified the +7 falchion of Conscience {antimagic, rElec rPois Dex+3} (You found it on level 6 of the Lair of Beasts)
 20774 | D:11     | Killed johnbochnow's ghost
 20849 | D:11     | Noticed Rathner's ghost (novice DsGl)
 20879 | D:11     | Killed Rathner's ghost
 20879 | D:11     | Reached skill level 10 in Invocations
 21091 | D:11     | Noticed kunwon1's ghost (journeyman MiFi)
 21114 | D:11     | Killed kunwon1's ghost
 21246 | D:11     | Found a hide-covered altar of Uskayaw.
 21614 | D:12     | Learned a level 5 spell: Borgnjor's Vile Clutch
 21618 | D:12     | Learned a level 3 spell: Portal Projectile
 21623 | D:12     | Learned a level 4 spell: Cause Fear
 21630 | D:12     | Learned a level 6 spell: Death Channel
 21637 | D:12     | Learned a level 6 spell: Simulacrum
 21702 | D:12     | Found a roughly hewn altar of Beogh.
 21704 | D:12     | Found a staircase to the Orcish Mines.
 22370 | D:13     | Learned a level 2 spell: Poisonous Vapours
 22708 | D:13     | Found a gate to the Vaults.
 22718 | D:13     | Reached XP level 15. HP: 118/118 MP: 18/28
 23261 | D:13     | Learned a level 5 spell: Blade Hands
 23591 | D:13     | Found Jiololy's Distillery.
 24260 | D:14     | Found a flagged portal.
 24274 | Bailey   | Entered a bailey
 24847 | D:14     | Found Goextiarr's Armour Shop.
 24964 | D:14     | Reached skill level 10 in Short Blades
 24964 | D:14     | Reached skill level 10 in Long Blades
 24964 | D:14     | Reached skill level 10 in Axes
 24964 | D:14     | Reached skill level 10 in Polearms
 24964 | D:14     | Reached skill level 10 in Staves
 24964 | D:14     | Reached skill level 10 in Slings
 24964 | D:14     | Reached skill level 10 in Bows
 24964 | D:14     | Reached skill level 10 in Crossbows
 24964 | D:14     | Reached skill level 10 in Throwing
 24964 | D:14     | Reached skill level 10 in Armour
 24964 | D:14     | Reached skill level 10 in Shields
 24964 | D:14     | Reached skill level 10 in Unarmed Combat
 24964 | D:14     | Reached skill level 10 in Spellcasting
 24964 | D:14     | Reached skill level 10 in Evocations
 25014 | D:14     | Reached XP level 16. HP: 124/127 MP: 30/30
 25135 | D:14     | Noticed Roxanne
 25163 | D:14     | Killed Roxanne
 25296 | D:14     | Found a deep blue altar of Sif Muna.
 25451 | D:14     | Found a sacrificial altar of Ru.
 25764 | D:15     | Entered Level 15 of the Dungeon
 26719 | D:15     | Learned a level 2 spell: Blink
 26720 | D:15     | Found a staircase to the Depths.
 26950 | Orc:1    | Entered Level 1 of the Orcish Mines
 27260 | Orc:1    | Found Ariulum's Gadget Shop.
 27260 | Orc:1    | Noticed Josephine
 27303 | Orc:1    | Killed Josephine
 27336 | Orc:1    | Reached XP level 17. HP: 125/133 MP: 27/31
 27479 | Orc:1    | Bought a wand of acid (6) for 220 gold pieces
 27479 | Orc:1    | Bought a wand of digging (10) for 308 gold pieces
 27541 | Orc:2    | Entered Level 2 of the Orcish Mines
 27617 | Orc:2    | Found Fyethruw's Antique Weapon Boutique.
 27818 | Orc:2    | Found Kodam's Book Shoppe.
 27910 | Orc:2    | Found a staircase to the Elven Halls.
 27927 | Orc:2    | Found Ohaaguadgh's General Store.
 28808 | Orc:2    | Found Koppuest's Antique Armour Shop.
 28819 | Orc:2    | Bought a warped ring mail for 243 gold pieces
 28835 | Orc:2    | Identified the cursed +0 ring mail of the Original Sin {Stlth+} (You bought it in a shop on level 2 of the Orcish Mines)
 28849 | Orc:2    | Bought a transparent buckler for 256 gold pieces
 28859 | Orc:2    | Identified the +1 buckler "Kiamme Maju" {rF+ SInv} (You bought it in a shop on level 2 of the Orcish Mines)
 29433 | Snake:1  | Entered Level 1 of the Snake Pit
 30821 | Snake:1  | HP: 5/135 [naga sharpshooter/bolt (25)]
 31817 | Snake:2  | Noticed Aizul
 31831 | Snake:2  | Killed Aizul
 31890 | Snake:2  | Found Wekhlol's Armour Shoppe.
 32089 | Snake:2  | Bought a +2 cloak for 313 gold pieces
 32517 | Snake:3  | Noticed Mara
 32517 | Snake:3  | Noticed Azrael
 32541 | Snake:3  | Killed Azrael
 32566 | Snake:3  | Noticed HyperTallis's illusion
 32568 | Snake:3  | Mangled by Mara (illusionary)

Skill      XL: |  1  2  3  4  5  6  7  8  9 10 11 12 13 14 15 16 17 |
---------------+----------------------------------------------------+-----
Invocations    | 1 2 3 4 5 6 7 8 9 10 11 12 | 12.1
Short Blades   | 1 2 3 4 5 6 7 8 9 10 11 | 11.2
Long Blades    | 1 2 3 4 5 6 7 8 9 10 11 | 11.2
Axes           | 1 2 3 4 5 6 7 8 9 10 11 | 11.2
Polearms       | 1 2 3 4 5 6 7 8 9 10 11 | 11.2
Staves         | 1 2 3 4 5 6 7 8 9 10 11 | 11.2
Slings         | 1 2 3 4 5 6 7 8 9 10 11 | 11.2
Bows           | 1 2 3 4 5 6 7 8 9 10 11 | 11.2
Crossbows      | 1 2 3 4 5 6 7 8 9 10 11 | 11.2
Throwing       | 1 2 3 4 5 6 7 8 9 10 11 | 11.2
Armour         | 1 2 3 4 5 6 7 8 9 10 11 | 11.2
Shields        | 1 2 3 4 5 6 7 8 9 10 11 | 11.2
Unarmed Combat | 1 2 3 4 5 6 7 8 9 10 11 | 11.2
Spellcasting   | 1 2 3 4 5 6 7 8 9 10 11 | 11.2
Evocations     | 1 2 3 4 5 6 7 8 9 10 11 | 11.2
Conjurations   | 1 2 3 4 5 6 7 8 9 |  9.6
Hexes          | 1 2 3 4 5 6 7 8 9 |  9.6
Charms         | 1 2 3 4 5 6 7 8 9 |  9.6
Summonings     | 1 2 3 4 5 6 7 8 9 |  9.6
Necromancy     | 1 2 3 4 5 6 7 8 9 |  9.6
Translocations | 1 2 3 4 5 6 7 8 9 |  9.6
Transmutations | 1 2 3 4 5 6 7 8 9 |  9.6
Fire Magic     | 1 2 3 4 5 6 7 8 9 |  9.6
Ice Magic      | 1 2 3 4 5 6 7 8 9 |  9.6
Air Magic      | 1 2 3 4 5 6 7 8 9 |  9.6
Earth Magic    | 1 2 3 4 5 6 7 8 9 |  9.6
Poison Magic   | 1 2 3 4 5 6 7 8 9 |  9.6
Fighting       | 7 8 9 10 11 12 | 12.7
Maces & Flails | 7 8 9 10 11 12 | 12.7
Dodging        | 7 8 9 10 11 12 | 12.7
Stealth        | 5 6 7 8 9 10 11 | 11.9

Action                   |  1- 3 |  4- 6 |  7- 9 | 10-12 | 13-15 | 16-18 || total
-------------------------+-------+-------+-------+-------+-------+-------++-------
Melee: Mace              |    97 |    74 |    50 |       |       |       ||   221
       Bite              |     7 |     7 |    45 |    91 |   204 |   110 ||   464
       Punch             |       |     1 |     9 |       |     1 |     4 ||    15
       Whip              |       |       |   313 |   778 |  1345 |   665 ||  3101
       Hunting sling     |       |       |     1 |       |       |       ||     1
       Unarmed           |       |       |       |       |    30 |    70 ||   100
 Fire: Hunting sling     |    10 |   165 |    54 |    36 |     5 |       ||   270
       Blowgun           |       |       |     2 |    19 |       |       ||    21
Throw: Stone             |       |       |     1 |       |       |       ||     1
       Javelin           |       |       |       |       |     2 |       ||     2
 Cast: Animate Skeleton  |       |       |       |     7 |    91 |    64 ||   162
       Borgnjor's Vile C |       |       |       |       |    32 |    72 ||   104
       Poisonous Vapours |       |       |       |       |    12 |       ||    12
       Blade Hands       |       |       |       |       |     2 |     8 ||    10
Invok: Lesser Servant of |       |       |     3 |     6 |     5 |       ||    14
Evoke: Wand              |       |       |     5 |    15 |    14 |       ||    34
  Use: Potion            |       |     1 |     1 |     2 |     7 |     6 ||    17
       Scroll            |       |       |    18 |    12 |     8 |     5 ||    43
 Stab: Sleeping          |     4 |     1 |     3 |     8 |    13 |    14 ||    43
       Distracted        |       |       |       |     4 |     8 |     5 ||    17
       Paralysed         |       |       |       |     1 |       |       ||     1
       Invisible         |       |       |       |       |     7 |       ||     7
  Eat: Chunk             |     1 |     9 |    12 |    15 |    20 |    19 ||    76
       Ration            |       |       |       |     3 |     6 |     5 ||    14
Armor: Robe              |    25 |     4 |       |       |       |       ||    29
       Ring mail         |       |    34 |    93 |   110 |   240 |   101 ||   578
Dodge: Dodged            |    98 |   140 |   195 |   325 |   686 |   394 ||  1838
Block: Other             |       |       |    32 |     5 |     6 |     2 ||    45
       Reflection        |       |       |     2 |    12 |    19 |    23 ||    56
       Buckler           |       |       |       |   213 |   490 |   316 ||  1019
